Map: 2000 Atmospheres LE

Players

ViBE - Winner!

  • Race: Terran Terran
  • League: Diamond

iXplode

  • Race: Protoss Protoss
  • League: Gold

VOD

Have the link to the VOD?

Description

Time

  • Played on: April 7, 2021, 8:46 p.m.
  • Length: 22:49
Show
View Real Time Build Order
Export as new Build Order

ViBE Terran - Winner!

Build Orders:  

Get SALT Encoding   

  12  0:00  SCV  
  13  0:12  SCV  
  14  0:18  Supply Depot  
  14  0:25  SCV  
  15  0:39  SCV  
  16  0:43  Barracks  
  16  0:47  Refinery  
  16  0:51  SCV  
  17  1:03  SCV  
  18  1:16  SCV  
  19  1:29  Orbital Command  
  19  1:30  Marine  
  20  1:39  Command Center  
  20  1:48  Marine  
  20  1:52  Supply Depot  
  21  1:56  SCV  
  22  2:05  Factory  
  22  2:10  SCV  
  23  2:21  Bunker  
  23  2:22  SCV  
  24  2:23  Barracks Reactor  
  24  2:35  SCV  
  25  2:47  SCV  
  25  2:51  Barracks, Factory Tech Lab  
  26  2:54  Orbital Command  
  26  2:59  SCV  
  26  3:00  Refinery  
  26  3:01  Marine x2  
  29  3:11  SCV  
  30  3:23  SCV  
  30  3:26  SCV  
  30  3:27  Supply Depot  
  32  3:30  Siege Tank  
  32  3:31  Marine x2  
  37  3:35  SCV  
  37  3:38  SCV  
  39  3:41  Barracks Tech Lab  
  39  3:47  SCV  
  40  3:50  SCV  
  40  3:51  Starport  
  40  3:57  Marine, Supply Depot  
  40  3:59  SCV  
  40  4:01  Marine x2  
  40  4:02  SCV  
  44  4:11  SCV  
  44  4:14  SCV  
  44  4:15  Marine, Siege Tank  
  50  4:18  Marine  
  50  4:19  Marine  
  50  4:23  SCV  
  52  4:27  SCV  
  53  4:32  Marine  
  53  4:35  SCV  
  53  4:36  Marine x2  
  57  4:39  SCV, Supply Depot  
  57  4:48  SCV, Siege Tank  
  57  4:49  Starport Reactor  
  57  4:51  SCV  
  62  5:03  Supply Depot  
  62  5:06  Command Center  
  61  5:07  Stimpack  
  61  5:15  Supply Depot  
  61  5:18  Supply Depot  
  61  5:19  Marine  
  62  5:25  Marine x2, SCV x2  
  62  5:26  Medivac  
  68  5:37  SCV x2  
  70  5:43  Marine x3  
  70  5:49  Refinery, SCV x2  
  75  5:50  Refinery  
  75  5:51  Engineering Bay x2  
  75  5:56  Supply Depot  
  75  5:57  Supply Depot  
  75  6:00  Marine  
  75  6:01  Marine x2, SCV x2  
  80  6:07  Medivac x2  
  84  6:13  SCV x2  
  86  6:18  Marine x2, Orbital Command  
  86  6:19  Marine  
  89  6:25  SCV x2  
  89  6:32  Barracks  
  91  6:33  Barracks  
  91  6:35  Barracks  
  91  6:36  Marine x3  
  91  6:37  SCV, Barracks  
  91  6:38  SCV  
  96  6:44  Orbital Command  
  96  6:45  Terran Infantry Weapons Level 1  
  96  6:46  Terran Infantry Armor Level 1  
  96  6:50  SCV x2  
  98  6:54  Marine x3  
  101  7:02  SCV  
  102  7:12  Marine x3  
  105  7:16  SCV  
  105  7:17  SCV x2, Armory, Medivac  
  105  7:18  Medivac  
  105  7:21  Combat Shield  
  110  7:23  Barracks Reactor x3  
  110  7:24  Barracks Reactor  
  110  7:29  Marine, SCV x3  
  111  7:30  Marine x2  
  108  7:41  SCV x3  
  111  7:45  Command Center  
  111  7:47  Marine  
  111  7:48  Marine x2, Supply Depot  
  111  7:49  Supply Depot x2  
  114  7:51  Supply Depot  
  114  7:53  SCV  
  115  8:01  SCV x2  
  117  8:07  Terran Vehicle Weapons Level 1  
  117  8:10  Marine x11, SCV, Refinery  
  117  8:12  Refinery  
  129  8:13  SCV x2  
  129  8:15  Thor  
  137  8:20  Medivac  
  137  8:21  Medivac  
  141  8:28  Marine x6  
  141  8:29  Supply Depot  
  141  8:30  Supply Depot  
  141  8:32  Supply Depot  
  147  8:34  SCV  
  147  8:35  SCV x2  
  150  8:46  Marine x4, SCV  
  150  8:47  SCV x2  
  157  8:50  Marine x6  
  157  8:53  Marine  
  157  8:59  SCV  
  145  9:04  Marine x4  
  145  9:06  Thor  
  145  9:07  Medivac x2  
  159  9:11  Terran Infantry Armor Level 2, Terran Infantry Weapons Level 2  
  159  9:18  SCV x3  
  162  9:30  SCV x3  
  165  9:32  Planetary Fortress  
  165  9:35  Marine  
  165  9:36  Marine x3, Command Center  
  165  9:37  Marine  
  165  9:38  Marine  
  171  9:39  Marine  
  171  9:44  SCV  
  171  9:45  SCV x2  
  175  9:49  Marine x4  
  175  9:51  Thor  
  185  9:53  Marine  
  185  9:54  Marine, Medivac x2  
  191  10:03  Marine x4  
  191  10:04  Marine  
  191  10:06  Terran Vehicle Weapons Level 2  
  196  10:07  Marine x3  
  199  10:17  Barracks  
  199  10:18  Barracks  
  199  10:19  Barracks  
  199  10:20  Barracks  
  199  10:21  Barracks  
  199  10:25  Factory  
  199  10:26  Starport  
  199  10:48  Barracks x3  
  199  10:49  Planetary Fortress, Barracks  
  199  10:50  Barracks  
  199  10:56  Marine  
  190  11:20  Barracks Tech Lab x2  
  190  11:21  Barracks Tech Lab x2  
  190  11:22  Starport Reactor, Factory Tech Lab  
  190  11:23  Marine x12  
  190  11:24  Thor  
  190  11:25  Medivac x2  
  178  11:30  Terran Infantry Armor Level 3, Terran Infantry Weapons Level 3  
  166  11:38  Barracks Reactor  
  166  11:39  Barracks Reactor x4  
  154  11:41  Marine x3, Barracks Reactor  
  154  11:45  Marine, Marauder x5  
  154  11:46  Marine x6  
  144  11:58  Marine  
  144  11:59  Thor  
  143  12:01  Marine x2  
  143  12:02  Command Center  
  143  12:03  Marine x6  
  143  12:04  Marine  
  143  12:06  Marine x2, Marauder  
  156  12:14  Thor  
  162  12:16  Medivac  
  162  12:18  Marine x3  
  162  12:19  Marine x14  
  162  12:21  Marine x6  
  187  12:33  Marauder x3  
  187  12:35  Medivac x2  
  197  12:37  Marine, Marauder  
  200  12:54  Terran Vehicle Weapons Level 3  
  200  13:14  Planetary Fortress  
  200  13:23  Command Center  
  200  13:26  Marine, Marauder x5  
  200  13:27  Marine x21  
  178  13:28  Thor  
  178  13:33  Thor  
  168  13:47  Medivac, Marauder  
  168  13:48  Marine x2, Medivac  
  174  13:49  Marine x14  
  174  13:50  Marauder  
  174  13:51  Marauder x2  
  174  13:54  Marine  
  174  13:55  Marine x3  
  200  14:08  Missile Turret  
  200  14:10  Missile Turret  
  200  14:12  Missile Turret  
  200  14:17  Missile Turret  
  200  14:19  Missile Turret  
  200  14:21  Missile Turret  
  200  14:23  Missile Turret  
  200  14:24  Missile Turret  
  200  14:36  Missile Turret  
  200  14:40  Planetary Fortress  
  191  14:53  Marine x9  
  200  15:17  Marauder  
  200  15:18  Marine x11, Marauder x4  
  200  15:19  Marine  
  171  15:29  Thor x2  
  171  15:30  Medivac x2  
  171  15:31  Medivac x2  
  169  15:37  Marine x22  
  169  15:38  Command Center  
  169  15:39  Marauder x5  
  177  15:52  Refinery  
  177  15:54  Refinery, Marine  
  177  15:55  Marine x3  
  181  15:57  Marine x17  
  181  15:58  Marine  
  181  16:00  Marine  
  200  16:15  Medivac x2  
  200  16:16  Medivac x2  
  200  16:17  Thor x2  
  200  16:18  Marauder x3  
  200  16:31  Neosteel Armor, Hi-Sec Auto Tracking  
  200  16:33  Terran Vehicle And Ship Armor Level 1  
  199  16:55  Command Center  
  199  17:00  SCV  
  187  17:37  Marine  
  187  17:38  Marine x13, Marauder x5  
  187  17:39  Thor  
  187  17:41  Thor  
  172  17:45  Medivac x2  
  172  17:46  Medivac x2  
  156  17:57  Marine x3  
  156  17:58  Marine x19  
  159  17:59  Marauder x5  
  170  18:15  Marine  
  170  18:19  Marine x9  
  175  18:20  Marine x9, Marauder  
  175  18:21  Marauder x2  
  175  18:24  Medivac x2  
  175  18:26  Command Center  
  195  18:30  Missile Turret  
  193  18:41  Marine x7, Marauder x2  
  196  18:42  Marine  
  196  18:45  Marine  
  196  18:46  Marine x5, Marauder x2  
  196  18:47  Marine x8, Marauder  
  196  18:48  Thor x2  
  191  18:49  Medivac x2  
  191  18:54  Medivac  
  192  18:59  Marine x6  
  192  19:00  Marine  
  192  19:01  Marine  
  192  19:02  Marauder x2  
  187  19:03  Marine x4  
  187  19:04  Marine x5  
  187  19:05  Marine x4  
  187  19:07  Marauder  
  187  19:08  Marauder x2  
  171  19:22  Marine x16  
  171  19:24  Marauder x2  
  169  19:28  Marauder  
  169  19:29  Marauder  
  169  19:30  Marauder  
  165  19:33  Thor x2  
  169  19:43  Marine  
  169  19:44  Marine x19  
  169  19:45  Marauder  
  187  19:47  Planetary Fortress  
  181  19:56  Marauder x4  
  184  20:06  Marauder  
  182  20:14  Medivac x3  
  182  20:15  Medivac  
  190  20:22  Refinery  
  190  20:24  Refinery  
  190  20:30  Marauder  
  190  20:31  Marauder x4  
  178  21:02  Command Center  
  178  21:03  Marine x5, Marauder x4  
  178  21:04  Marine x18  
  182  21:24  Thor x2  
  182  21:25  Medivac x3  
  180  21:27  Marine x19  
  180  21:28  Marine x4  
  180  21:29  Marauder x3  
  180  21:30  Marauder  
  186  21:44  Command Center  
  186  21:46  Marauder  
  188  21:50  Marauder  
  188  21:51  Marauder x3  
  196  22:01  SCV x8  
  194  22:07  Marauder  
  199  22:12  Marauder  
  191  22:16  Command Center  
  191  22:21  SCV x6  
  159  22:25  Marine x8, Marauder x3  
  159  22:26  Marine  
Show
View Real Time Build Order
Export as new Build Order

iXplode Protoss 

Build Orders: Colossus Rush 

Get SALT Encoding   

  12  0:00  Probe (Chrono Boost)  
  13  0:10  Probe (Chrono Boost)  
  14  0:22  Pylon  
  14  0:24  Probe  
  15  0:41  Gateway  
  15  0:43  Assimilator  
  15  0:54  Gateway  
  15  0:56  Probe  
  16  1:08  Probe  
  17  1:20  Probe  
  17  1:22  Pylon  
  18  1:29  Cybernetics Core  
  18  1:34  Probe  
  18  1:39  Assimilator  
  19  1:50  Probe  
  20  2:03  Stalker x2 (Chrono Boost)  
  24  2:18  Robotics Facility  
  24  2:25  Pylon  
  24  2:27  Probe  
  25  2:33  Warp Gate  
  25  2:39  Probe  
  26  2:52  Stalker  
  26  2:54  Stalker  
  26  2:57  Probe  
  31  3:12  Probe  
  32  3:18  Nexus  
  32  3:21  Observer  
  33  3:34  Probe  
  33  3:37  Pylon  
  33  3:40  Robotics Bay  
  34  3:58  Probe  
  35  4:12  Probe  
  36  4:26  Stalker x2  
  40  4:32  Colossus (Chrono Boost)  
  46  4:46  Probe  
  46  4:47  Probe  
  48  4:56  Shield Battery  
  48  4:58  Shield Battery  
  48  4:59  Probe x2  
  50  5:05  Stalker  
  50  5:06  Stalker  
  54  5:08  Observer  
  54  5:11  Probe x2  
  54  5:12  Assimilator  
  56  5:15  Pylon  
  56  5:16  Observer (Chrono Boost)  
  57  5:23  Probe x2  
  59  5:35  Probe x2  
  61  5:41  Stalker x2  
  65  5:47  Probe x2  
  65  5:48  Gateway x2  
  67  5:50  Observer  
  67  5:54  Extended Thermal Lance (Chrono Boost)  
  67  5:59  Probe  
  68  6:06  Assimilator  
  68  6:11  Twilight Council  
  68  6:20  Stalker  
  70  6:27  Pylon  
  70  6:39  Nexus  
  70  6:41  Pylon  
  70  6:44  Blink (Chrono Boost)  
  70  6:51  Colossus  
  70  6:52  Probe x2  
  72  7:01  Stalker  
  72  7:04  Probe  
  74  7:17  Stalker  
  74  7:24  Probe x2  
  76  7:32  Observer  
  76  7:34  Observer  
  76  7:36  Probe  
  76  7:37  Probe  
  78  7:40  Assimilator  
  78  7:47  Gateway  
  78  7:48  Probe  
  78  7:49  Probe  
  80  8:01  Probe x2 (Chrono Boost)  
  83  8:08  Probe (Chrono Boost)  
  85  8:13  Probe x2 (Chrono Boost)  
  85  8:18  Probe x3 (Chrono Boost)  
  88  8:20  Gravitic Boosters (Chrono Boost)  
  88  8:25  Observer  
  88  8:27  Probe x2  
  89  8:28  Probe  
  89  8:31  Stalker x3  
  89  8:33  Shield Battery  
  98  8:35  Shield Battery  
  98  8:36  Assimilator  
  98  8:39  Pylon, Probe x2  
  98  8:40  Probe  
  98  8:41  Assimilator  
  97  8:51  Probe x2  
  97  8:52  Probe  
  96  9:03  Stalker  
  96  9:04  Stalker x3, Probe  
  106  9:10  Observer (Chrono Boost)  
  106  9:11  Probe x2  
  106  9:16  Probe  
  109  9:18  Pylon  
  109  9:20  Pylon  
  109  9:23  Pylon  
  109  9:29  Observer  
  109  9:32  Pylon x2  
  109  9:33  Pylon  
  109  9:36  Colossus (Chrono Boost), Probe x2  
  117  9:38  Gateway  
  117  9:43  Templar Archives  
  117  9:52  Observer  
  117  10:00  Forge  
  117  10:02  Forge, Charge (Chrono Boost)  
  117  10:03  Forge  
  117  10:07  Zealot  
  117  10:13  Nexus  
  119  10:26  Colossus (Chrono Boost)  
  125  10:31  Zealot x4  
  133  10:37  Pylon  
  133  10:44  Protoss Ground Weapons Level 1 (Chrono Boost), Protoss Ground Armor Level 1 (Chrono Boost), Protoss Shields Level 1 (Chrono Boost)  
  133  10:49  Pylon x2  
  133  10:52  Pylon  
  133  10:58  Gateway  
  133  11:07  Zealot x2  
  133  11:08  Zealot x3  
  107  11:34  Psionic Storm  
  107  11:38  Zealot x4  
  107  11:39  Zealot  
  105  11:58  Stalker x2  
  109  12:03  Colossus (Chrono Boost)  
  115  12:08  Zealot x3  
  115  12:09  Zealot  
  123  12:16  Pylon, Observer  
  123  12:19  Pylon  
  123  12:20  Probe x3  
  123  12:21  Probe  
  123  12:22  Assimilator, Pylon  
  127  12:24  High Templar x2  
  127  12:26  Assimilator  
  131  12:35  Robotics Facility  
  131  12:38  Protoss Ground Weapons Level 2 (Chrono Boost), Protoss Ground Armor Level 2 (Chrono Boost)  
  131  12:39  Protoss Shields Level 2 (Chrono Boost)  
  131  12:45  High Templar x4  
  139  12:56  Shield Battery  
  139  12:58  Shield Battery  
  139  13:00  Shield Battery  
  139  13:02  Shield Battery  
  139  13:05  Stalker x2  
  139  13:06  Shield Battery  
  139  13:07  Shield Battery  
  139  13:09  Shield Battery  
  102  13:37  Zealot x4  
  102  13:38  Zealot x2  
  102  13:39  Colossus (Chrono Boost)  
  102  13:40  Colossus (Chrono Boost)  
  124  13:55  Observer  
  124  13:56  Gateway  
  124  14:00  Gateway  
  124  14:04  Gateway, High Templar x3  
  124  14:05  High Templar x2  
  124  14:07  Sentry  
  124  14:09  Gateway  
  136  14:15  Gateway  
  136  14:31  High Templar  
  136  14:33  Disruptor (Chrono Boost)  
  136  14:35  Disruptor (Chrono Boost)  
  136  14:37  Observer  
  144  14:42  Zealot x4  
  144  14:43  Zealot  
  154  14:55  High Templar  
  156  15:04  Disruptor x2  
  159  15:20  Archon  
  137  15:22  Archon x2  
  137  15:26  Zealot  
  137  15:27  Zealot x7  
  99  15:42  Zealot x3  
  101  15:47  Zealot x2  
  101  15:48  Zealot x6  
  117  15:51  Colossus x2 (Chrono Boost)  
  117  15:55  Protoss Ground Weapons Level 3 (Chrono Boost)  
  117  15:56  Protoss Ground Armor Level 3 (Chrono Boost)  
  105  16:21  High Templar  
  105  16:22  High Templar  
  105  16:23  Zealot x6  
  105  16:24  Zealot x2  
  125  16:27  Archon  
  125  16:34  Colossus (Chrono Boost)  
  125  16:35  Colossus (Chrono Boost)  
  137  16:49  Zealot x4  
  137  16:50  Zealot x5  
  137  16:53  Protoss Shields Level 3 (Chrono Boost)  
  151  17:14  Zealot x3  
  151  17:15  Zealot x6  
  167  17:21  Disruptor x2  
  175  17:27  High Templar x2  
  175  17:43  Nexus  
  153  17:45  Pylon  
  153  17:47  Zealot x5  
  153  17:48  Zealot x2  
  147  17:52  Archon  
  147  17:55  Zealot x2  
  147  18:09  Disruptor  
  147  18:10  Disruptor  
  151  18:34  Zealot x7  
  153  18:35  Stalker  
  153  18:36  Stalker x2  
  125  19:07  Disruptor x2  
  125  19:12  Zealot  
  125  19:13  Zealot x3  
  125  19:14  High Templar x4, Stalker  
  113  19:40  Probe x4  
  113  19:42  Disruptor (Chrono Boost)  
  109  20:03  Stalker  
  109  20:04  Stalker x6  
  109  20:05  Stalker x2, Zealot x2  
  129  20:11  Disruptor (Chrono Boost)  
  129  20:20  Assimilator  
  132  20:23  Assimilator  
  131  20:39  Zealot x6  
  131  20:40  Zealot x4  
  151  20:49  Zealot  
  124  21:07  Zealot  
  124  21:08  Zealot x7  
  124  21:09  Zealot x2  
  113  21:30  Stalker  
  113  21:31  Stalker x6  
  109  21:40  Zealot  
  76  22:25  Zealot x2  
  76  22:26  Zealot x6  
  76  22:27  Zealot  
  85  22:34  Zealot x2  
Tags
 
Add a new tag
Caveats
  • Supply blocks, unpowered buildings, or Contaminate may cause inaccurate times.
  • Supply counts are checked every 10 seconds.